Map: Ever Dream LE

Players

Nice

  • Race: Protoss Protoss
  • Spawn Location: 1:00

Yoger - Winner!

  • Race: Zerg Zerg
  • Spawn Location: 7:00

Event: DreamHack SC2 Masters 2020 Fall

VOD

Have the link to the VOD?

Description

Time

  • Played on: Aug. 26, 2020, 9:41 a.m.
  • Length: 17:55

All games in this series

Show
View Real Time Build Order
Export as new Build Order

Nice Protoss 

Build Orders: 1 Gate Expand, Oracle Opening 

Get SALT Encoding   

  12  0:00  Probe  
  13  0:12  Probe  
  14  0:18  Pylon  
  14  0:24  Probe  
  15  0:36  Probe (Chrono Boost)  
  15  0:40  Gateway  
  16  0:48  Probe (Chrono Boost)  
  17  0:51  Assimilator  
  17  0:53  Probe (Chrono Boost)  
  18  1:03  Probe  
  19  1:15  Probe  
  20  1:27  Nexus  
  20  1:37  Cybernetics Core  
  20  1:46  Assimilator, Probe  
  21  1:54  Pylon  
  21  1:58  Probe  
  22  2:10  Adept (Chrono Boost), Probe  
  22  2:13  Warp Gate  
  25  2:22  Probe  
  26  2:30  Stalker (Chrono Boost)  
  26  2:34  Probe  
  29  2:43  Probe  
  30  2:45  Stargate  
  30  2:46  Probe  
  31  2:53  Adept  
  31  2:55  Probe  
  34  2:58  Probe  
  34  3:03  Gateway  
  35  3:08  Probe  
  35  3:10  Probe  
  37  3:20  Probe  
  37  3:23  Probe  
  37  3:25  Oracle (Chrono Boost)  
  38  3:30  Adept  
  38  3:32  Probe  
  38  3:33  Pylon  
  44  3:35  Probe  
  45  3:44  Probe  
  45  3:47  Pylon  
  46  3:51  Probe  
  46  3:52  Oracle (Chrono Boost)  
  50  3:56  Probe  
  50  4:00  Assimilator  
  50  4:01  Assimilator  
  51  4:03  Probe  
  51  4:07  Gateway  
  51  4:08  Probe  
  53  4:13  Pylon  
  53  4:14  Adept  
  53  4:15  Adept  
  57  4:18  Probe  
  58  4:25  Phoenix (Chrono Boost)  
  58  4:27  Probe  
  58  4:30  Probe  
  62  4:39  Probe  
  62  4:40  Pylon  
  62  4:42  Oracle (Chrono Boost)  
  62  4:43  Probe  
  65  4:57  Nexus, Probe  
  65  4:59  Pylon  
  66  5:01  Probe  
  67  5:13  Probe  
  68  5:15  Robotics Facility  
  68  5:17  Forge  
  68  5:20  Twilight Council  
  68  5:22  Probe  
  68  5:24  Shield Battery  
  68  5:25  Probe  
  68  5:26  Pylon  
  68  5:27  Sentry x2  
  74  5:32  Sentry  
  74  5:34  Probe  
  77  5:37  Probe  
  77  5:41  Shield Battery, Pylon  
  77  5:42  Protoss Ground Weapons Level 1  
  78  5:46  Probe  
  78  5:56  Sentry  
  80  5:57  Blink (Chrono Boost)  
  80  5:58  Probe  
  80  5:59  Probe  
  82  6:10  Probe  
  82  6:11  Probe  
  84  6:15  Probe  
  85  6:19  Gateway x2  
  85  6:20  Gateway  
  85  6:22  Gateway, Probe  
  85  6:23  Probe  
  85  6:25  Gateway  
  87  6:27  Probe  
  87  6:29  Pylon  
  87  6:31  Observer  
  89  6:34  Probe  
  89  6:35  Probe  
  89  6:37  Assimilator x2  
  92  6:40  Pylon, Probe  
  92  6:50  Pylon  
  91  7:06  Immortal (Chrono Boost)  
  91  7:07  Sentry  
  91  7:08  Sentry x2  
  101  7:09  Probe x3  
  104  7:20  Robotics Bay, Photon Cannon  
  104  7:21  Probe x2, Photon Cannon  
  106  7:23  Probe, Photon Cannon  
  106  7:24  Pylon  
  106  7:25  Pylon  
  107  7:31  Zealot  
  107  7:33  Probe  
  107  7:35  Stalker x2  
  114  7:37  Warp Prism (Chrono Boost)  
  114  7:40  Robotics Facility  
  114  7:41  Pylon  
  116  7:46  Charge  
  116  7:50  Protoss Ground Weapons Level 2  
  116  7:52  Zealot  
  118  8:06  Nexus  
  116  8:13  Disruptor (Chrono Boost)  
  116  8:15  Pylon  
  116  8:16  Pylon  
  119  8:21  Stalker x5  
  119  8:24  Disruptor (Chrono Boost)  
  129  8:33  Zealot x3, Pylon  
  138  8:40  Photon Cannon  
  138  8:42  Photon Cannon  
  138  8:44  Disruptor  
  141  8:50  Shield Battery  
  141  8:54  Zealot  
  141  8:55  Zealot x2  
  147  8:58  Stalker  
  149  9:11  Stalker x4  
  154  9:22  Stalker x3  
  139  9:35  Photon Cannon  
  139  9:37  Photon Cannon  
  134  9:50  Disruptor (Chrono Boost)  
  134  9:55  Gravitic Drive, Pylon  
  134  9:58  Disruptor (Chrono Boost)  
  134  10:00  Pylon  
  134  10:02  Pylon  
  134  10:04  Assimilator  
  134  10:06  Zealot x3  
  134  10:07  Assimilator  
  140  10:11  Gateway  
  140  10:19  Zealot  
  142  10:24  Disruptor  
  145  10:34  Zealot x5  
  145  10:35  Zealot  
  153  10:41  Zealot  
  155  10:43  Probe x3  
  155  10:45  Probe  
  159  10:55  Probe  
  160  11:02  Zealot x5  
  159  11:08  Disruptor  
  155  11:18  Disruptor (Chrono Boost)  
  124  11:33  Stalker  
  124  11:34  Stalker x5  
  126  11:41  Disruptor (Chrono Boost), Templar Archives  
  129  11:48  Probe x2  
  129  11:49  Probe  
  129  11:50  Probe  
  129  11:52  Observer (Chrono Boost)  
  134  12:06  Observer  
  135  12:10  Observer  
  125  12:18  High Templar x4  
  125  12:19  Stalker x2  
  137  12:27  Disruptor  
  140  12:31  Disruptor  
  143  12:52  Stalker  
  143  12:53  Stalker x5  
  143  12:57  Gateway, Probe  
  143  12:58  Probe x2  
  156  13:22  Stalker x5  
  156  13:23  Stalker x2  
  170  13:27  Gateway  
  163  13:47  Stalker x4  
  163  13:48  Stalker x3  
  146  13:58  Disruptor (Chrono Boost)  
  146  13:59  Disruptor (Chrono Boost)  
  150  14:15  Stalker  
  150  14:16  Stalker x5  
  150  14:17  Protoss Ground Weapons Level 3 (Chrono Boost), Stalker  
  158  14:41  Observer  
  158  14:42  Stalker  
  158  14:43  Stalker x4  
  158  14:44  Stalker x2  
  150  14:47  Disruptor  
  122  15:16  Zealot x4  
  122  15:17  Nexus, Pylon  
  122  15:18  Zealot  
  122  15:20  High Templar  
  134  15:21  High Templar  
  134  15:22  Psionic Storm  
  134  15:24  Archon  
  134  15:25  Archon  
  134  15:26  Gravitic Boosters (Chrono Boost)  
  139  15:45  High Templar  
  139  15:46  High Templar x3  
  137  15:50  High Templar x2  
  137  15:53  Immortal (Chrono Boost)  
  137  15:55  Archon  
  137  15:56  Stalker x2  
  138  16:07  Stalker  
  139  16:18  Observer (Chrono Boost)  
  139  16:20  Stalker x2  
  140  16:27  Immortal (Chrono Boost)  
  140  16:29  Stalker x4  
  149  16:46  Nexus  
  133  16:53  Stalker x4  
Show
View Real Time Build Order
Export as new Build Order

Yoger Zerg - Winner!

Build Orders: Hatch First, Lurkers, Roach Hydra 

Get SALT Encoding   

  12  0:00  Drone  
  13  0:12  Overlord  
  13  0:16  Drone  
  14  0:30  Drone x2  
  16  0:46  Drone  
  17  0:51  Hatchery  
  17  0:54  Drone  
  17  0:59  Drone, Extractor  
  17  1:14  Spawning Pool  
  17  1:17  Drone  
  17  1:21  Drone  
  18  1:28  Drone  
  19  1:38  Overlord  
  19  1:52  Drone  
  20  2:01  Queen  
  20  2:02  Zergling x2  
  20  2:03  Queen  
  20  2:04  Zergling x2  
  26  2:10  Metabolic Boost  
  26  2:14  Drone  
  27  2:17  Drone  
  27  2:22  Drone  
  29  2:25  Drone  
  30  2:42  Hatchery  
  30  2:43  Zergling x2  
  30  2:46  Drone  
  30  2:50  Drone  
  32  2:52  Overlord  
  32  2:55  Drone  
  33  3:02  Queen  
  33  3:05  Drone  
  36  3:11  Drone x2  
  38  3:14  Drone x2  
  38  3:18  Drone x2  
  42  3:23  Overlord  
  42  3:31  Drone  
  42  3:33  Zergling x2  
  44  3:39  Zergling x2, Spore Crawler  
  44  3:45  Zergling x2  
  44  3:50  Queen  
  44  3:51  Overlord  
  44  3:52  Drone x3  
  49  3:58  Drone x2  
  49  4:02  Drone, Queen  
  54  4:07  Overlord  
  54  4:10  Spore Crawler  
  54  4:11  Drone x2  
  54  4:12  Drone  
  54  4:16  Spore Crawler  
  55  4:21  Overlord  
  55  4:25  Spore Crawler  
  55  4:27  Extractor  
  55  4:28  Drone x4  
  55  4:29  Zergling x2  
  59  4:36  Zergling x6  
  63  4:38  Zergling x2  
  63  4:39  Zergling x2  
  63  4:44  Zergling x2  
  63  4:53  Zergling x6  
  63  4:57  Lair  
  66  5:00  Roach Warren  
  66  5:02  Drone x3  
  68  5:08  Drone x7  
  72  5:15  Drone, Overlord  
  72  5:17  Overlord  
  73  5:25  Extractor  
  73  5:26  Extractor  
  71  5:30  Overlord x2  
  71  5:33  Drone x2  
  71  5:34  Overlord x2  
  71  5:35  Evolution Chamber  
  72  5:39  Drone x4  
  72  5:42  Drone  
  77  5:44  Drone x2  
  77  5:51  Drone x5  
  79  5:57  Glial Reconstitution  
  79  6:00  Drone x3, Extractor  
  79  6:01  Extractor  
  79  6:03  Extractor  
  79  6:06  Zerg Missile Weapons Level 1  
  75  6:13  Hatchery  
  75  6:14  Drone  
  75  6:15  Drone x6  
  81  6:20  Hydralisk Den  
  81  6:22  Drone  
  81  6:23  Drone x3  
  84  6:28  Overlord  
  84  6:39  Roach x5  
  98  6:40  Roach x2  
  98  6:42  Overlord  
  98  6:47  Roach x3  
  104  6:50  Muscular Augments  
  104  6:51  Drone  
  102  7:02  Queen  
  102  7:03  Hydralisk x4  
  111  7:09  Drone x2  
  111  7:11  Pneumatized Carapace  
  111  7:13  Hydralisk x2  
  117  7:17  Overlord x2  
  117  7:23  Hydralisk x2  
  121  7:31  Hydralisk x3  
  121  7:34  Overlord x2  
  127  7:37  Roach  
  127  7:43  Hydralisk x3  
  134  7:48  Ravager x4  
  134  7:50  Zergling x10  
  140  8:00  Hydralisk  
  140  8:01  Hydralisk  
  140  8:02  Zergling x12  
  150  8:06  Grooved Spines  
  150  8:08  Roach x2  
  154  8:17  Overlord x2  
  154  8:18  Zerg Missile Weapons Level 2  
  154  8:30  Hydralisk x3  
  160  8:41  Drone x10, Queen  
  164  8:43  Unknown  
  164  8:45  Infestation Pit  
  167  8:58  Drone, Lurker Den  
  167  8:59  Drone x2  
  169  9:12  Hydralisk x4  
  146  9:30  Queen, Hive  
  136  9:39  Drone x7  
  127  9:54  Drone  
  127  9:55  Drone x2  
  128  10:00  Zergling x20  
  128  10:02  Overlord x3  
  128  10:04  Lurker  
  128  10:05  Lurker x5  
  144  10:07  Hatchery  
  144  10:13  Overlord x3  
  144  10:14  Overlord  
  142  10:15  Overlord x2  
  142  10:22  Lurker x3, Hydralisk x2  
  142  10:23  Roach x3  
  142  10:25  Overseer  
  153  10:33  Hydralisk x2  
  153  10:34  Roach x5  
  162  10:37  Drone x2  
  162  10:38  Spore Crawler x2  
  162  10:45  Viper x2  
  162  10:49  Hydralisk x3  
  164  10:54  Hydralisk, Roach x2  
  164  10:55  Zergling x10  
  153  11:04  Hydralisk  
  153  11:05  Hydralisk x4  
  153  11:06  Zergling x6  
  141  11:22  Hydralisk  
  141  11:23  Hydralisk x5  
  125  11:40  Drone x4  
  125  11:42  Hydralisk x2  
  125  11:43  Zergling x14  
  140  11:50  Lurker x2  
  142  11:56  Hydralisk x2  
  142  11:59  Zergling x14  
  142  12:15  Lurker x2  
  142  12:16  Lurker  
  142  12:17  Drone  
  142  12:20  Drone x3  
  142  12:21  Drone x3  
  151  12:24  Drone x3  
  154  12:30  Hatchery  
  151  12:37  Adaptive Talons  
  151  12:39  Hydralisk x2  
  152  12:45  Overseer  
  152  12:49  Hydralisk x3  
  152  12:52  Queen  
  154  13:00  Hydralisk x2  
  154  13:04  Hydralisk  
  154  13:05  Roach x5  
  170  13:10  Hydralisk x2  
  164  13:24  Hydralisk x6  
  174  13:31  Lurker x2  
  176  13:34  Seismic Spines  
  176  13:39  Hydralisk x2  
  176  13:40  Zergling x10  
  176  13:41  Zergling x6  
  170  13:45  Hydralisk  
  170  13:46  Zergling x6  
  153  13:52  Hydralisk, Zergling x2  
  143  13:57  Roach x2  
  141  14:03  Roach  
  141  14:04  Roach  
  141  14:08  Roach x2  
  145  14:10  Lurker x5  
  145  14:14  Roach  
  145  14:15  Roach  
  149  14:25  Hydralisk x4  
  143  14:32  Overseer  
  143  14:35  Hydralisk  
  143  14:36  Roach  
  143  14:37  Roach x7  
  158  14:39  Roach  
  158  14:43  Hydralisk  
  150  14:48  Zerg Missile Weapons Level 3  
  150  14:49  Queen x2  
  152  14:53  Roach x3  
  152  14:58  Hydralisk  
  152  14:59  Roach  
  135  15:04  Lurker x2  
  136  15:10  Roach x3  
  136  15:11  Roach x4  
  149  15:16  Lurker  
  149  15:19  Hydralisk  
  149  15:20  Roach x2  
  149  15:21  Roach  
  158  15:22  Roach  
  158  15:25  Roach x2  
  164  15:29  Roach  
  164  15:30  Roach x3  
  172  15:40  Roach, Zergling x2  
  172  15:41  Zergling x14  
  182  15:44  Viper  
  185  15:58  Lurker  
  185  15:59  Lurker x3  
  180  16:11  Drone x2  
  180  16:14  Spore Crawler  
  180  16:15  Spore Crawler  
  180  16:16  Viper x2  
  183  16:18  Overseer  
  183  16:21  Drone x2  
  183  16:24  Hatchery  
  184  16:28  Hydralisk x4  
  190  16:45  Hydralisk x5  
  189  16:54  Hatchery  
  189  16:55  Hydralisk x4  
  189  16:56  Hydralisk x2  

Tags
 
Add a new tag
Caveats
  • Supply blocks, unpowered buildings, or Contaminate may cause inaccurate times.
  • Supply counts are checked every 10 seconds.